| TOP OF THE 1ST |
|
Philadelphia Phillies batting - Pitching for Toronto Blue Jays : RHP Tony Rios
|
|
Pitching: RHP Tony Rios
|
|
|
Batting: SHB Lance Franklin
|
0-0: Swinging Strike 0-1: Ground out 6-3 (Groundball, 6, EV 77.5 MPH)
|
|
Batting: RHB Chef Belew
|
0-0: Swinging Strike 0-1: Ball 1-1: Called Strike 1-2: Fly out, F9 (Flyball, 8RS, EV 97.5 MPH)
|
|
Batting: LHB Osamu Kubo
|
0-0: Ball 1-0: Ground out 4-3 (Groundball, 4, EV 105.0 MPH)
|
| Top of the 1st over - 0 runs, 0 hits, 0 errors, 0 left on base; Philadelphia 0 - Toronto 0 |
| BOTTOM OF THE 1ST |
|
Toronto Blue Jays batting - Pitching for Philadelphia Phillies : RHP Scott Bernstein
|
|
Pitching: RHP Scott Bernstein
|
|
|
Batting: RHB Donny Burnside
|
0-0: Ball 1-0: Called Strike 1-1: Ball 2-1: Foul Ball, location: 2F 2-2: Foul Ball, location: 2F 2-2: Foul Ball, location: 2F 2-2: SINGLE (Groundball, 34D, EV 102.5 MPH)
|
|
Batting: RHB Danny Burnside
|
0-0: Foul Ball, location: 2F 0-1: Ball 1-1: Called Strike 1-2: Ball 2-2: Ball 3-2: Foul Ball, location: 2F 3-2: SINGLE (Line Drive, 6D, EV 102.5 MPH) Donny Burnside to second Runner from 2nd tries for 3rd, SAFE, throw by LF made to third
|
|
Batting: SHB Matt Altieri
|
0-0: Ball 1-0: Called Strike 1-1: Foul Ball, location: 2F 1-2: Strikes out looking
|
|
Batting: LHB Willis Robles
|
0-0: Ball 1-0: Ball 2-0: SINGLE (Line Drive, 3D, EV 100.0 MPH) Donny Burnside scores Danny Burnside to second Runner from 2nd tries for 3rd, SAFE, no throw by RF
|
|
Batting: RHB C.J. Richerson
|
0-0: Ball 1-0: Ball 2-0: Ball 3-0: Base on Balls Willis Robles to second
|
|
Batting: LHB Nate Dean
|
0-0: Called Strike 0-1: Ball 1-1: Foul Ball, location: 2F 1-2: Ball 2-2: Foul Ball, location: 2F 2-2: Strikes out swinging
|
|
Batting: LHB Michael Byrd
|
0-0: Called Strike 0-1: Called Strike 0-2: Fly out, F7 (Flyball, 7D, EV 86.2 MPH)
|
| Bottom of the 1st over - 1 run, 3 hits, 0 errors, 3 left on base; Philadelphia 0 - Toronto 1 |
| TOP OF THE 2ND |
|
Philadelphia Phillies batting - Pitching for Toronto Blue Jays : RHP Tony Rios
|
|
Batting: LHB Ryan Trombley
|
0-0: Called Strike 0-1: Ball 1-1: Foul Ball, location: 2F 1-2: Strikes out swinging
|
|
Batting: LHB Nick Canizales
|
0-0: Ball 1-0: Ball 2-0: Ball 3-0: Base on Balls
|
|
Batting: SHB Phuck II
|
0-0: Called Strike 0-1: Ball 1-1: Grounds into double play, 6-4-3 (Groundball, 6, EV 76.9 MPH)
|
| Top of the 2nd over - 0 runs, 0 hits, 0 errors, 0 left on base; Philadelphia 0 - Toronto 1 |
| BOTTOM OF THE 2ND |
|
Toronto Blue Jays batting - Pitching for Philadelphia Phillies : RHP Scott Bernstein
|
|
Batting: RHB Kirk Arp
|
0-0: SOLO HOME RUN (Flyball, 78XD, EV 105.6 MPH), Distance : 398 ft
|
|
Batting: LHB Jon Schick
|
0-0: Foul Ball, location: 2F 0-1: Foul Ball, location: 2F 0-2: Ball 1-2: Foul Ball, location: 2F 1-2: Ball 2-2: Ground out 4-3 (Groundball, 4, EV 87.5 MPH)
|
|
Batting: RHB Donny Burnside
|
0-0: Swinging Strike 0-1: Fly out, F8 (Flyball, 89D, EV 90.0 MPH)
|
|
Batting: RHB Danny Burnside
|
0-0: Foul Ball, location: 2F 0-1: SINGLE (Line Drive, 9S, EV 93.8 MPH)
|
|
Batting: SHB Matt Altieri
|
0-0: Called Strike 0-1: SINGLE (Line Drive, 6D, EV 98.1 MPH) Danny Burnside to second
|
|
Batting: LHB Willis Robles
|
0-0: Ball 1-0: Swinging Strike 1-1: Swinging Strike 1-2: Ball 2-2: Foul Ball, location: 2F 2-2: Ball 3-2: Foul Ball, location: 2F 3-2: Foul Ball, location: 2F 3-2: Reached on error, E3 (Groundball, 3, EV 84.4 MPH) Danny Burnside to third Matt Altieri to second
|
|
Batting: RHB C.J. Richerson
|
0-0: Ball 1-0: Swinging Strike 1-1: Ball 2-1: Ball 3-1: Base on Balls Danny Burnside scores Matt Altieri to third Willis Robles to second
|
|
Batting: LHB Nate Dean
|
0-0: Swinging Strike 0-1: Fielders Choice at 2nd, 5-4 (Groundball, 56, EV 81.9 MPH)
|
| Bottom of the 2nd over - 2 runs, 3 hits, 1 error, 3 left on base; Philadelphia 0 - Toronto 3 |
| TOP OF THE 3RD |
|
Philadelphia Phillies batting - Pitching for Toronto Blue Jays : RHP Tony Rios
|
|
Batting: LHB Cody Schumacher
|
0-0: Called Strike 0-1: Called Strike 0-2: Strikes out swinging
|
|
Batting: LHB Mike Davis
|
0-0: Called Strike 0-1: Swinging Strike 0-2: SINGLE (Groundball, 4D, EV 103.1 MPH)
|
|
Batting: LHB Jim Beaver
|
0-0: SINGLE (Line Drive, 4MD, EV 100.6 MPH) Mike Davis to second
|
|
Batting: SHB Lance Franklin
|
0-0: Ball 1-0: Ball 2-0: Called Strike 2-1: Fly out, F3 (Line Drive, 34, EV 67.5 MPH)
|
|
Batting: RHB Chef Belew
|
0-0: Ball 1-0: Foul Ball, location: 2F 1-1: Foul Ball, location: 2F 1-2: Strikes out swinging
|
| Top of the 3rd over - 0 runs, 2 hits, 0 errors, 2 left on base; Philadelphia 0 - Toronto 3 |
| BOTTOM OF THE 3RD |
|
Toronto Blue Jays batting - Pitching for Philadelphia Phillies : RHP Scott Bernstein
|
|
Batting: LHB Michael Byrd
|
0-0: Called Strike 0-1: Called Strike 0-2: Strikes out swinging
|
|
Batting: RHB Kirk Arp
|
0-0: Ball 1-0: Called Strike 1-1: Fly out, F7 (Flyball, 78M, EV 94.4 MPH)
|
|
Batting: LHB Jon Schick
|
0-0: Called Strike 0-1: Called Strike 0-2: SINGLE (Groundball, 34D, EV 95.0 MPH)
|
|
Batting: RHB Donny Burnside
|
0-0: Called Strike Jon Schick steals 2nd base (no throw) 0-1: Called Strike 0-2: Strikes out looking
|
| Bottom of the 3rd over - 0 runs, 1 hit, 0 errors, 1 left on base; Philadelphia 0 - Toronto 3 |
| TOP OF THE 4TH |
|
Philadelphia Phillies batting - Pitching for Toronto Blue Jays : RHP Tony Rios
|
|
Batting: LHB Osamu Kubo
|
0-0: Ball 1-0: Called Strike 1-1: Fly out, F7 (Flyball, 7, EV 88.1 MPH)
|
|
Batting: LHB Ryan Trombley
|
0-0: Foul Ball, location: 2F 0-1: Ground out 6-3 (Groundball, 6M, EV 81.9 MPH)
|
|
Batting: LHB Nick Canizales
|
0-0: Ball 1-0: Called Strike 1-1: Ground out 4-3 (Groundball, 4, EV 87.5 MPH)
|
| Top of the 4th over - 0 runs, 0 hits, 0 errors, 0 left on base; Philadelphia 0 - Toronto 3 |
| BOTTOM OF THE 4TH |
|
Toronto Blue Jays batting - Pitching for Philadelphia Phillies : RHP Scott Bernstein
|
|
Batting: RHB Danny Burnside
|
0-0: Called Strike 0-1: Called Strike 0-2: Strikes out swinging
|
|
Batting: SHB Matt Altieri
|
0-0: Fly out, F8 (Flyball, 8LM, EV 82.5 MPH)
|
|
Batting: LHB Willis Robles
|
0-0: Called Strike 0-1: Ball 1-1: Called Strike 1-2: Foul Ball, location: 2F 1-2: Ball 2-2: SOLO HOME RUN (Flyball, 9LD, EV 93.8 MPH), Distance : 336 ft
|
|
Batting: RHB C.J. Richerson
|
0-0: Fly out, F4 (Popup, 3DF, EV 70.6 MPH)
|
| Bottom of the 4th over - 1 run, 1 hit, 0 errors, 0 left on base; Philadelphia 0 - Toronto 4 |
| TOP OF THE 5TH |
|
Philadelphia Phillies batting - Pitching for Toronto Blue Jays : RHP Tony Rios
|
|
Batting: SHB Phuck II
|
0-0: Ball 1-0: Swinging Strike 1-1: Swinging Strike 1-2: Ball 2-2: Strikes out looking
|
|
Batting: LHB Cody Schumacher
|
0-0: Single, Error in OF, E7, batter to second base (Line Drive, 5D, EV 96.9 MPH)
|
|
Batting: LHB Mike Davis
|
0-0: Called Strike 0-1: Ball 1-1: Called Strike 1-2: Strikes out swinging
|
|
Batting: LHB Jim Beaver
|
0-0: Ball 1-0: Swinging Strike 1-1: Ball 2-1: Ground out 4-3 (Groundball, 4, EV 106.2 MPH)
|
| Top of the 5th over - 0 runs, 1 hit, 1 error, 1 left on base; Philadelphia 0 - Toronto 4 |
| BOTTOM OF THE 5TH |
|
Toronto Blue Jays batting - Pitching for Philadelphia Phillies : RHP Scott Bernstein
|
|
Batting: LHB Nate Dean
|
0-0: Ball 1-0: Called Strike 1-1: Called Strike 1-2: Foul Ball, location: 2F 1-2: Ground out 4-3 (Groundball, 4, EV 101.2 MPH)
|
|
Batting: LHB Michael Byrd
|
0-0: Swinging Strike 0-1: Foul Ball, location: 2F 0-2: Strikes out swinging
|
|
Batting: RHB Kirk Arp
|
0-0: Called Strike 0-1: Ball 1-1: SOLO HOME RUN (Flyball, 8LXD, EV 112.5 MPH), Distance : 431 ft
|
|
Pitching: RHP David LaBounty
|
|
|
Batting: LHB Jon Schick
|
0-0: Called Strike 0-1: Swinging Strike 0-2: Ball 1-2: Ball 2-2: Strikes out swinging
|
| Bottom of the 5th over - 1 run, 1 hit, 0 errors, 0 left on base; Philadelphia 0 - Toronto 5 |
| TOP OF THE 6TH |
|
Philadelphia Phillies batting - Pitching for Toronto Blue Jays : RHP Tony Rios
|
|
Batting: SHB Lance Franklin
|
0-0: Ball 1-0: Ball 2-0: Called Strike 2-1: Ball 3-1: Foul Ball, location: 2F 3-2: Base on Balls
|
|
Batting: RHB Chef Belew
|
0-0: Fly out, F9 (Line Drive, 89M, EV 84.4 MPH)
|
|
Batting: LHB Osamu Kubo
|
0-0: Foul Ball, location: 2F 0-1: SINGLE (Groundball, 4MS, EV 71.2 MPH) (infield hit) Lance Franklin to second
|
|
Batting: LHB Ryan Trombley
|
0-0: Called Strike 0-1: Ball 1-1: Swinging Strike 1-2: Ball 2-2: Ball 3-2: TRIPLE (Groundball, 5L, EV 95.6 MPH) Lance Franklin scores Osamu Kubo scores
|
|
Batting: LHB Nick Canizales
|
0-0: Ball 1-0: Ground out 6-3 (Groundball, 6, EV 106.2 MPH) Ryan Trombley scores
|
|
Batting: SHB Phuck II
|
0-0: Foul Ball, location: 2F 0-1: SINGLE (Line Drive, 9S, EV 111.2 MPH)
|
|
Batting: LHB Cody Schumacher
|
0-0: Ball 1-0: Ball 2-0: Swinging Strike 2-1: Ball 3-1: Ground out 5-3 (Groundball, 56S, EV 76.9 MPH)
|
| Top of the 6th over - 3 runs, 3 hits, 0 errors, 1 left on base; Philadelphia 3 - Toronto 5 |
| BOTTOM OF THE 6TH |
|
Toronto Blue Jays batting - Pitching for Philadelphia Phillies : RHP David LaBounty
|
|
Batting: RHB Donny Burnside
|
0-0: Called Strike 0-1: Ball 1-1: Called Strike 1-2: Ball 2-2: Ground out 6-3 (Groundball, 56, EV 92.5 MPH)
|
|
Batting: RHB Danny Burnside
|
0-0: Swinging Strike 0-1: Foul Ball, location: 2F 0-2: Ball 1-2: Ball 2-2: Strikes out looking
|
|
Batting: SHB Matt Altieri
|
0-0: Ball 1-0: Ball 2-0: Called Strike 2-1: Foul Ball, location: 2F 2-2: SOLO HOME RUN (Flyball, 7D, EV 93.1 MPH), Distance : 367 ft
|
|
Batting: LHB Willis Robles
|
0-0: Ball 1-0: Ball 2-0: Ball 3-0: Called Strike 3-1: Base on Balls
|
|
Batting: RHB C.J. Richerson
|
0-0: Ball 1-0: Foul Ball, location: 2F 1-1: Foul Ball, location: 2F 1-2: Foul Ball, location: 2F 1-2: Fly out, F8 (Flyball, 89D, EV 86.2 MPH)
|
| Bottom of the 6th over - 1 run, 1 hit, 0 errors, 1 left on base; Philadelphia 3 - Toronto 6 |
| TOP OF THE 7TH |
|
Philadelphia Phillies batting - Pitching for Toronto Blue Jays : RHP Tony Rios
|
|
Now at 2B: Dylan Novakowski
|
|
|
Batting: LHB Mike Davis
|
0-0: Foul Ball, location: 2F 0-1: Ground out 4-3 (Groundball, 13, EV 90.6 MPH)
|
|
Batting: LHB Jim Beaver
|
0-0: DOUBLE (Line Drive, 9LD, EV 113.1 MPH)
|
|
Batting: SHB Lance Franklin
|
0-0: Ball 1-0: Ball 2-0: Swinging Strike 2-1: Called Strike 2-2: Foul Ball, location: 2F 2-2: Foul Ball, location: 2F 2-2: Strikes out swinging
|
|
Batting: RHB Chef Belew
|
0-0: Ball 1-0: Called Strike 1-1: Ball 2-1: Ground out 4-3 (Groundball, 4, EV 80.0 MPH)
|
| Top of the 7th over - 0 runs, 1 hit, 0 errors, 1 left on base; Philadelphia 3 - Toronto 6 |
| BOTTOM OF THE 7TH |
|
Toronto Blue Jays batting - Pitching for Philadelphia Phillies : RHP David LaBounty
|
|
Pitching: RHP Chris Perteet
|
|
|
Batting: LHB Nate Dean
|
0-0: Foul Ball, location: 2F 0-1: Ball 1-1: Ball 2-1: Called Strike 2-2: Foul Ball, location: 2F 2-2: Strikes out swinging
|
|
Batting: LHB Michael Byrd
|
0-0: Called Strike 0-1: DOUBLE (Line Drive, 9LS, EV 97.5 MPH)
|
|
Batting: RHB Kirk Arp
|
0-0: Ball Michael Byrd steals 3rd base 1-0: Called Strike 1-1: Ball 2-1: Ball 3-1: Base on Balls
|
|
Batting: LHB Jon Schick
|
0-0: Foul Ball, location: 2F 0-1: Ball 1-1: Ball 2-1: Ball 3-1: Base on Balls Kirk Arp to second
|
|
Batting: RHB Donny Burnside
|
0-0: Ball 1-0: Ball 2-0: Ball 3-0: Called Strike 3-1: Foul Ball, location: 2F 3-2: Base on Balls Michael Byrd scores Kirk Arp to third Jon Schick to second
|
|
Batting: RHB Danny Burnside
|
0-0: Ball 1-0: Called Strike 1-1: GRAND SLAM HOME RUN (Flyball, 9D, EV 96.9 MPH), Distance : 379 ft
|
|
Pitching: RHP Josh Allport
|
|
|
Batting: SHB Matt Altieri
|
0-0: Swinging Strike 0-1: Ball 1-1: Foul Ball, location: 2F 1-2: Foul Ball, location: 2F 1-2: Foul Ball, location: 2F 1-2: Strikes out swinging
|
|
Batting: LHB Willis Robles
|
0-0: Fly out, F8 (Line Drive, 8LM, EV 87.5 MPH)
|
| Bottom of the 7th over - 5 runs, 2 hits, 0 errors, 0 left on base; Philadelphia 3 - Toronto 11 |
| TOP OF THE 8TH |
|
Philadelphia Phillies batting - Pitching for Toronto Blue Jays : RHP Tony Rios
|
|
Batting: LHB Osamu Kubo
|
0-0: Ground out U3 (Groundball, 3, EV 103.8 MPH)
|
|
Batting: LHB Ryan Trombley
|
0-0: SOLO HOME RUN (Flyball, 9D, EV 105.6 MPH), Distance : 404 ft
|
|
Batting: LHB Nick Canizales
|
0-0: Called Strike 0-1: Ball 1-1: Swinging Strike 1-2: Strikes out swinging
|
|
Batting: SHB Phuck II
|
0-0: Foul Ball, location: 2F 0-1: DOUBLE (Line Drive, 78D, EV 109.4 MPH)
|
|
Batting: LHB Cody Schumacher
|
0-0: Foul Ball, location: 2F 0-1: Fly out, F9 (Flyball, 89S, EV 76.2 MPH)
|
| Top of the 8th over - 1 run, 2 hits, 0 errors, 1 left on base; Philadelphia 4 - Toronto 11 |
| BOTTOM OF THE 8TH |
|
Toronto Blue Jays batting - Pitching for Philadelphia Phillies : RHP Josh Allport
|
|
Batting: SHB Dylan Novakowski
|
0-0: Ball 1-0: Foul Ball, location: 2F 1-1: Foul Ball, location: 2F 1-2: Strikes out swinging
|
|
Batting: LHB Nate Dean
|
0-0: Ball 1-0: Ball 2-0: Foul Ball, location: 2F 2-1: Called Strike 2-2: Foul Ball, location: 2F 2-2: Fly out, F8 (Line Drive, 8LD, EV 92.5 MPH)
|
|
Batting: LHB Michael Byrd
|
0-0: Ball 1-0: Foul Ball, location: 2F 1-1: SINGLE (Line Drive, 9S, EV 87.5 MPH)
|
|
Batting: RHB Kirk Arp
|
0-0: Ball 1-0: Ball 2-0: Swinging Strike 2-1: Ball 3-1: Foul Ball, location: 2F 3-2: Base on Balls Michael Byrd to second
|
|
Batting: LHB Jon Schick
|
0-0: Swinging Strike 0-1: Ball 1-1: Foul Ball, location: 2F 1-2: Ball 2-2: Foul Ball, location: 2F 2-2: Ball 3-2: Base on Balls Michael Byrd to third Kirk Arp to second
|
|
Batting: RHB Donny Burnside
|
0-0: Fly out, F3 (Popup, 3SF, EV 74.4 MPH)
|
| Bottom of the 8th over - 0 runs, 1 hit, 0 errors, 3 left on base; Philadelphia 4 - Toronto 11 |
| TOP OF THE 9TH |
|
Philadelphia Phillies batting - Pitching for Toronto Blue Jays : RHP Tony Rios
|
|
Now at SS: Brock Van Gilder
|
|
|
Batting: LHB Mike Davis
|
0-0: Ball 1-0: Foul Ball, location: 2F 1-1: Called Strike 1-2: Strikes out swinging
|
|
Pitching: RHP Zach Ault
|
|
|
Batting: LHB Jim Beaver
|
0-0: Called Strike 0-1: Fly out, F8 (Flyball, 8LD, EV 103.8 MPH)
|
|
Batting: SHB Lance Franklin
|
0-0: Ball 1-0: Called Strike 1-1: Foul Ball, location: 2F 1-2: Ball 2-2: Foul Ball, location: 2F 2-2: Ball 3-2: Foul Ball, location: 2F 3-2: Foul Ball, location: 2F 3-2: Foul Ball, location: 2F 3-2: SOLO HOME RUN (Flyball, 9D, EV 98.1 MPH), Distance : 374 ft
|
|
Batting: RHB Chef Belew
|
0-0: Called Strike 0-1: Ball 1-1: Ball 2-1: Swinging Strike 2-2: Ball 3-2: Fly out, F8 (Line Drive, 8LD, EV 97.5 MPH)
|
| Top of the 9th over - 1 run, 1 hit, 0 errors, 0 left on base; Philadelphia 5 - Toronto 11 |
|